AoeStats
← DasEd86

Arena

510151784Analyzed
2v2 RM · 1d ago on Sep 29, 2026· 52m 15s· 4 players
Game mode
Random Map
Map size
Medium (4 player)
Population
200
Speed
Normal
Resources
Standard
Victory
Conquest
Starting age
Dark Age
Ending age
Imperial Age
RankedLock teamsTeams togetherTeam positionsShared explorationLock speedFull tech treeHidden civsTurbo modeCheats
Victory
Defeat
🇩🇪 Huns · Germany
1106
+13
🇩🇪 Japanese · Germany
1043
+16
🇨🇭 Japanese · Switzerland
1086
-16
🇨🇭 Huns · Switzerland
1004
-13
Giallo
10:21 Feudal Age
12:11 Loom
14:55 Castle Age
13:25 Double-Bit Axe
13:45 Horse Collar
14:11 Gold Mining
20:05 Fletching
22:25 Bow Saw
23:09 Heavy Plow
23:38 Padded Archer Armor
23:38 Bodkin Arrow
25:55 Padded Archer Armor
28:50 Wheelbarrow
29:07 Leather Archer Armor
29:15 Thumb Ring
30:58 Town Watch
32:14 Bloodlines
32:04 Husbandry
32:11 Scale Mail Armor
32:22 Forging
32:46 Hand Cart
35:20 Imperial Age
34:19 Marauders
34:28 Stone Mining
35:14 Gold Shaft Mining
35:36 Ballistics
35:46 Chain Mail Armor
35:13 Elite Skirmisher
37:21 Two-Man Saw
36:50 Heavy Cavalry Archer
38:19 Parthian Tactics
38:11 Bracer
39:13 Masonry
45:16 Iron Casting
49:38 Elite Tarkan
gigi09189
10:50 Feudal Age
9:07 Loom
14:29 Castle Age
12:58 Stone Mining
13:14 Double-Bit Axe
14:18 Horse Collar
21:45 Gold Mining
25:01 Wheelbarrow
24:53 Bow Saw
25:17 Fletching
27:17 Bodkin Arrow
32:45 Imperial Age
30:00 Elite Skirmisher
32:08 Scale Mail Armor
32:19 Forging
33:12 Thumb Ring
33:13 Capped Ram
33:59 Padded Archer Armor
35:03 Chain Mail Armor
35:24 Iron Casting
34:16 Pikeman
36:10 Leather Archer Armor
44:19 Plate Mail Armor
46:30 Heavy Plow
49:27 Squires
51:09 Ring Archer Armor
51:17 Bracer
loremrexus
10:45 Feudal Age
11:31 Loom
14:35 Castle Age
12:36 Double-Bit Axe
14:12 Horse Collar
21:35 Bow Saw
23:03 Forging
23:52 Wheelbarrow
23:05 Town Watch
24:08 Fletching
24:46 Padded Archer Armor
24:55 Bodkin Arrow
25:33 Bloodlines
26:36 Leather Archer Armor
26:37 Gold Mining
30:49 Imperial Age
28:57 Ballistics
29:43 Thumb Ring
30:17 Husbandry
31:12 Caravan
32:34 Chemistry
31:56 Conscription
32:04 Parthian Tactics
32:10 Parthian Tactics
31:54 Bracer
33:13 Two-Man Saw
33:13 Ring Archer Armor
33:55 Heavy Cavalry Archer
34:44 Elite Skirmisher
38:39 Iron Casting
38:33 Scale Mail Armor
38:35 Squires
37:55 Pikeman
38:56 Gambesons
40:09 Siege Engineers
40:48 Chain Mail Armor
41:30 Halberdier
42:35 Murder Holes
46:24 Blast Furnace
46:59 Scale Barding Armor
46:15 Light Cavalry
46:47 Man-at-Arms
48:16 Plate Mail Armor
47:21 Elite Samurai
48:10 Arson
48:52 Masonry
51:02 Long Swordsman
DasEd86
10:11 Feudal Age
14:15 Castle Age
12:41 Double-Bit Axe
14:32 Fletching
19:07 Bodkin Arrow
20:20 Horse Collar
22:33 Loom
24:35 Husbandry
26:05 Bow Saw
26:48 Thumb Ring
28:04 Padded Archer Armor
32:15 Imperial Age
30:23 Bloodlines
31:26 Leather Archer Armor
33:22 Ballistics
33:12 Bracer
34:38 Parthian Tactics
34:51 Masonry
37:30 Heavy Cavalry Archer
41:34 Chemistry
40:35 Light Cavalry
41:21 Scale Barding Armor
42:58 Chain Barding Armor
46:57 Forging
47:31 Hussar
51:10 Wheelbarrow
Connection lost

Rejoining the realm…

Still unreachable

The connection could not be restored.

Session expired

The server has moved on; the page needs a fresh start.